 Dungeon Crawl Stone Soup version 0.25-a0-578-gc91f01c39c (webtiles) character file.

Game seed: 9826374687551294187, levelgen mode: deterministic

15617 Flugslaktarn the Cleaver (level 12, -1/165 HPs)
             Began as a Deep Dwarf Fighter on Mar 4, 2020.
             Was a Priest of Makhleb.
             Slain by a crimson imp (3 damage)
             ... summoned by a kobold demonologist
             ... on level 13 of the Dungeon.
             The game lasted 00:06:25 (7885 turns).

Flugslaktarn the Cleaver (Deep Dwarf Fighter)       Turns: 7885, Time: 00:06:25

Health: -1/165     AC: -9    Str: 24    XL:     12   Next: 2%
Magic:  7/7        EV:  2    Int: 10    God:    Makhleb [***...]
Gold:   556        SH:  0    Dex: -10 (12)Spells: 11/11 levels left

rFire    . . .     SeeInvis .   a - +1 war axe
rCold    + . .     Gourm    .   (no shield)
rNeg     . . .     Faith    .   D - +0 crystal plate armour
rPois    +         Spirit   .   s - +0 helmet
rElec    .         Reflect  .   b - scarf {repulsion}
rCorr    .         Harm     .   y - +1 pair of gloves
MR       +....                  F - +1 pair of boots
Stlth    ..........             (no amulet)
HPRegen  0.00/turn              o - ring of poison resistance
MPRegen  0.10/turn              c - ring of protection from cold

@: berserking, lethally poisoned (-1 -> -4), corroded, non-regenerating, slowed,
lost dexterity, repel missiles
A: damage resistance, heal wounds, sense surroundings 2, no regeneration
a: Heal Wounds, Minor Destruction, Lesser Servant of Makhleb, Renounce Religion


You were on level 13 of the Dungeon.
You worshipped Makhleb.
Makhleb was most pleased with you.
You were hungry.

You visited 2 branches of the dungeon, and saw 14 of its levels.

You collected 556 gold pieces.

Inventory:

Hand Weapons
 a - a +1 war axe (weapon)
Armour
 b - a scarf of repulsion (worn)
   (You found it on level 6 of the Dungeon)
 g - a +4 scale mail of positive energy
   (You took it off Terence on level 3 of the Dungeon)
 s - a +0 helmet (worn)
   (You took it off Robin on level 3 of the Dungeon)
 y - a +1 pair of gloves (worn)
   (You found it on level 5 of the Dungeon)
 C - a +0 kite shield
 D - a +0 crystal plate armour (worn)
   (You found it on level 7 of the Dungeon)
 F - a +1 pair of boots (worn)
   (You found it on level 6 of the Dungeon)
 H - a +0 tower shield
   (You found it on level 12 of the Dungeon)
 I - a +0 cloak
   (You found it on level 7 of the Dungeon)
Jewellery
 c - a ring of protection from cold (right hand)
   (You found it on level 6 of the Dungeon)
 i - an uncursed ring of see invisible
   (You found it on level 10 of the Dungeon)
 m - an uncursed ring of protection from magic
   (You found it on level 5 of the Dungeon)
 o - a ring of poison resistance (left hand)
   (You found it on level 2 of the Dungeon)
 A - an uncursed ring of ice
   (You found it on level 5 of the Dungeon)
 E - an uncursed ring of flight
   (You found it on level 2 of the Dungeon)
Wands
 v - a wand of enslavement (7)
   (You found it on level 11 of the Dungeon)
Scrolls
 h - a scroll of enchant armour
 k - a scroll of brand weapon
 p - 2 scrolls of enchant weapon
 r - 3 scrolls of identify
 t - 6 scrolls of teleportation
 x - 4 scrolls of remove curse
 z - a scroll of blinking {unknown}
 J - a scroll of fear
 K - a scroll of silence
 R - 2 scrolls of fog
Potions
 d - a potion of might
 f - 3 potions of flight
 l - a potion of mutation
 n - a potion of resistance
 q - 8 potions of curing
 u - 3 potions of magic
 w - 3 potions of heal wounds
 B - 2 potions of lignification
 G - 2 potions of brilliance
 M - a potion of ambrosia
Comestibles
 e - 18 rations
 j - 6 chunks of flesh


   Skills:
 + Level 8.1 Fighting
 * Level 12.7 Axes
 + Level 9.6 Armour
 + Level 9.7 Shields
 + Level 9.0 Invocations


You had 11 spell levels left.
You didn't know any spells.
Your spell library was empty.

Dungeon Overview and Level Annotations

Branches:
Dungeon (13/15)            Temple (1/1) D:6            Lair (0/6) D:8
    Orc (0/2) D:12
 Vaults: D:13-14

Altars:
Ashenzari
Cheibriados
Elyvilon
Fedhas
Gozag
Hepliaklqana
Kikubaaqudgha
Makhleb
Nemelex Xobeh
Okawaru
Qazlal
Ru
Sif Muna
Trog
Uskayaw
Vehumet
Wu Jian
Xom
Yredelemnul
Zin
Jiyva

Shops:
D:12 [

Portals:
Trove: D:11 (give +3 gold dragon scales)

Annotations:
D:8 3 runed translucent doors, Flugslaktarn's ghost, novice DDFi
D:9 1 runed translucent door, Yermak's ghost, novice CeIE


Innate Abilities, Weirdness & Mutations

You are resistant to damage.
You can heal yourself by infusing magical energy.
You passively map the area around you.
You do not regenerate.


Message History

The white imp hits you.
* * * LOW HITPOINT WARNING * * *
The white imp freezes you. You resist.
* * * LOW HITPOINT WARNING * * *
The kobold demonologist looks encouraged for a moment.
Your crystal plate armour prevents you from hitting the kobold demonologist.
The kobold demonologist is severely wounded.
You hit the crimson imp. You closely miss the hellwing.
You completely miss the white imp.
Your crystal plate armour prevents you from hitting the quasit.
You feel sick. The quasit bites you.
You feel clumsy. The quasit claws you. x2
You feel clumsy. The hellwing hits you.
* * * LOW HITPOINT WARNING * * *
The hellwing hits you. The white imp hits you.
* * * LOW HITPOINT WARNING * * *
The white imp freezes you. You resist. The crimson imp hits you.
You die...

, * , ,, * ** , *
,, ..., * * , .# ..
* , #..## * #.# **
, ,...# ..# , , ,,
..########.#** , .
, , * #.(#..##..#
*, ... , * , *
#<......####..... ,
#.......5@K...... ,
,
##....(.#455......
* ,,
##.......##........
#........###.......
, * ##........#
....... , , *
#......(..#
*#......,
#.........# ......
#...?.....# ......,
#..........# *, ,


You could see a hellwing, a kobold demonologist, a quasit, a crimson imp and a
white imp.

Vanquished Creatures
  Snorg (D:12)
  A two-headed ogre (D:12)
  2 tengu warriors (D:12)
  Nergalle (D:11)
  2 unseen horrors
  3 cyclopes
  An ugly thing (D:12)
  A deep elf mage (D:12)
  A kobold demonologist (D:12)
  An efreet (D:11)
  2 tengu conjurers
  A meliai zombie (D:11)
  2 hippogriffs
  2 wyverns
  6 yaks (D:12)
  A vampire mosquito (D:11)
  2 hungry ghosts
  A soldier ant (D:12)
  Duvessa (D:5)
  4 water moccasins
  2 porcupines (D:8)
  3 ice beasts
  4 orc warriors
  A hornet zombie (D:9)
  3 sky beasts
  A black bear (D:8)
  A necrophage (D:8)
  5 ogres
  6 centaurs
  A crocodile (D:8)
  2 big kobolds
  10 bullfrogs
  Dowan (D:5)
  3 scorpions
  2 water moccasin zombies
  6 killer bees (D:7)
  8 howler monkeys
  6 crimson imps
  2 bullfrog zombies (D:6)
  A centaur zombie (D:8)
  A quasit (D:10)
  4 orc priests
  4 jellies
  8 orc wizards
  2 centaur skeletons
  6 hounds
  Terence (D:3)
  4 iguanas
  4 worker ants
  A hound skeleton (D:6)
  Robin (D:3)
  2 worker ant zombies
  A howler monkey skeleton (D:8)
  12 adders
  A shadow imp (D:9)
  3 adder zombies
  2 dart slugs
  A worm (D:6)
  5 leopard geckos
  44 orcs
  6 bats
  9 goblins
  5 hobgoblins
  8 jackals
  12 kobolds
  5 quokkas
  A ball python (D:2)
  2 frilled lizards
  A jackal skeleton (D:4)
  A leopard gecko skeleton (D:4)
  A quokka skeleton (D:6)
  3 rats
  A fungus (D:8)
266 creatures vanquished.

Vanquished Creatures (others)
  A plant (D:8)
1 creature vanquished.

Grand Total: 267 creatures vanquished

Notes
Turn   | Place    | Note
-------+----------+-------------------------------------------
     0 | D:1      | Flugslaktarn the Deep Dwarf Fighter began the quest for the
                  | Orb.
     0 | D:1      | Reached XP level 1. HP: 20/20 MP: 1/1
   186 | D:1      | Reached XP level 2. HP: 22/27 MP: 2/2
   338 | D:2      | Reached skill level 3 in Axes
   338 | D:2      | Reached XP level 3. HP: 28/33 MP: 3/3
   628 | D:3      | Reached XP level 4. HP: 33/42 MP: 4/4
   654 | D:3      | Noticed Terence
   673 | D:3      | Killed Terence
   829 | D:3      | Noticed an ogre
   837 | D:3      | Killed an ogre
   837 | D:3      | Reached skill level 4 in Axes
   837 | D:3      | Reached XP level 5. HP: 21/49 MP: 5/5
   907 | D:3      | Noticed Robin
   912 | D:3      | Killed Robin
  1250 | D:4      | Reached XP level 6. HP: 43/57 MP: 6/6
  1365 | D:4      | Reached skill level 5 in Axes
  1512 | D:4      | Reached XP level 7. HP: 38/64 MP: 6/6
  1530 | D:4      | Reached skill level 5 in Armour
  1545 | D:4      | Reached skill level 5 in Shields
  1668 | D:4      | Found Qorovui's Serpentskin Sales.
  1716 | D:4      | Reached skill level 6 in Axes
  2031 | D:5      | Entered Level 5 of the Dungeon
  2040 | D:5      | Noticed Dowan
  2041 | D:5      | Noticed Duvessa
  2054 | D:5      | Killed Duvessa
  2060 | D:5      | Killed Dowan
  2060 | D:5      | Reached XP level 8. HP: 65/73 MP: 4/4
  2305 | D:5      | Reached skill level 7 in Axes
  2823 | D:6      | Found a staircase to the Ecumenical Temple.
  2847 | Temple   | Entered the Ecumenical Temple
  2957 | Temple   | Became a worshipper of Makhleb the Destroyer
  3184 | D:6      | Found a blossoming altar of Fedhas.
  3240 | D:6      | Reached skill level 1 in Invocations
  3353 | D:6      | Reached skill level 5 in Fighting
  3679 | D:7      | Reached skill level 8 in Axes
  3701 | D:7      | Reached * piety under Makhleb
  4038 | D:7      | Gained mutation: You passively map the area around you.
                  | [Deep Dwarf growth]
  4038 | D:7      | Reached XP level 9. HP: 69/81 MP: 6/6
  4430 | D:8      | Found a runed translucent gate.
  4430 | D:8      | Found a runed translucent gate.
  4430 | D:8      | Found a runed translucent gate.
  4432 | D:8      | Found a viscous altar of Jiyva.
  4432 | D:8      | Noticed Flugslaktarn's ghost (novice DDFi)
  4600 | D:8      | Reached skill level 9 in Axes
  4621 | D:8      | Found a staircase to the Lair.
  5076 | D:8      | Reached skill level 5 in Invocations
  5096 | D:8      | Reached ** piety under Makhleb
  5295 | D:9      | Found a runed translucent door.
  5296 | D:9      | Noticed Yermak's ghost (novice CeIE)
  5330 | D:9      | Reached XP level 10. HP: 89/91 MP: 6/8
  5439 | D:9      | Reached skill level 10 in Axes
  5670 | D:10     | Entered Level 10 of the Dungeon
  6066 | D:10     | Found a basalt altar of Yredelemnul.
  6196 | D:11     | Noticed an unseen horror
  6221 | D:11     | Killed an unseen horror
  6279 | D:11     | Reached skill level 11 in Axes
  6334 | D:11     | Found a portal to a secret trove of treasure.
  6339 | D:11     | Noticed a cyclops
  6357 | D:11     | Killed a cyclops
  6392 | D:11     | Reached XP level 11. HP: 45/100 MP: 10/10
  6397 | D:11     | Reached *** piety under Makhleb
  6521 | D:11     | Noticed Nergalle
  6531 | D:11     | Noticed a spectral orc warlord
  6581 | D:11     | Killed Nergalle
  6779 | D:12     | Noticed a deep elf mage
  6791 | D:12     | Killed a deep elf mage
  6842 | D:12     | Noticed a tengu warrior
  6922 | D:12     | Killed a tengu warrior
  7080 | D:12     | Noticed Snorg
  7122 | D:12     | Killed Snorg
  7122 | D:12     | Reached skill level 12 in Axes
  7133 | D:12     | Noticed a white ugly thing
  7160 | D:12     | Noticed a two-headed ogre
  7174 | D:12     | Killed a white ugly thing
  7188 | D:12     | Killed a two-headed ogre
  7297 | D:12     | Killed an unseen horror
  7443 | D:12     | Found a staircase to the Orcish Mines.
  7535 | D:12     | Found Coluib's Armour Shop.
  7738 | D:12     | Noticed a tengu warrior
  7777 | D:12     | Killed a tengu warrior
  7844 | D:13     | Reached XP level 12. HP: 75/110 MP: 8/8
  7879 | D:13     | Lost dexterity.
  7885 | D:13     | HP: 7/165 [poisoned by a kobold demonologist]
  7885 | D:13     | HP: 2/165 [white imp[a kobold demonologist] (3)]
  7885 | D:13     | Slain by a crimson imp

Levels and vault maps discovered:
D:1:      mainiacjoe_arrival_reflecting_pool, layout_basic
D:2:      layout_loops_corners
D:3:      layout_loops_corners, uniq_robin, uniq_terence, uniq_grinder
D:4:      layout_basic, serial_rivers, chequers_serial_rivers_marsh,
          chequers_serial_rivers_micro_c, chequers_serial_rivers_large_a,
          chequers_serial_rivers_micro_a, chequers_serial_rivers_micro_c,
          first_ration, guppyfry_shop_venom
D:5:      layout_basic, uniq_duvessa
D:6:      layout_loops_ring, overflow_temple_1_default,
          minmay_temple_entry_statues_fountains, serial_undead, serial_undead_f,
          serial_undead_b, serial_undead_e, serial_undead_f
D:7:      layout_loops_ring
D:8:      minmay_skewed_foursquare, layout_loops_ring,
          grunt_lair_entry_orc_guard_hut, gammafunk_ghost_ooze
D:9:      layout_cross, ebering_ghost_reflecting_pool, blue_anna_alchemist
          [blue_anna_fruit_fields, blue_anna_fruit_fields]
D:10:     layout_gridville, yredelemnul_altar_generic
D:11:     minmay_diamond_stairs, layout_rooms, enter_trove_0, uniq_nergalle
D:12:     layout_small_grid, orc_0_dummy, serial_shops, shop, chequers_avenue,
          uniq_snorg
D:13:     layout_cave_pods, uniq_maurice
Temple:   regret_index_temple_sigil_plot

Skill      XL: |  1  2  3  4  5  6  7  8  9 10 11 |
---------------+----------------------------------+-----
Axes           | 3 4 5 6 8 9 11 12 | 12.7
Fighting       | 3 4 5 6 7 8 |  8.1
Armour         | 4 5 6 7 8 9 |  9.6
Shields        | 4 5 6 7 8 9 |  9.7
Invocations    | 3 5 7 9 |  9.0

Action                   |  1- 3 |  4- 6 |  7- 9 | 10-12 || total
-------------------------+-------+-------+-------+-------++-------
Melee: War axe           |    70 |   166 |   501 |   769 ||  1506
 Abil: Heal Wounds       |       |     5 |    14 |    25 ||    44
  Use: Scroll            |       |       |     1 |    25 ||    26
       Potion            |       |       |       |     3 ||     3
 Stab: Invisible         |       |       |       |     4 ||     4
  Eat: Chunk             |       |     3 |    13 |    11 ||    27
       Ration            |       |       |       |     2 ||     2
Armor: Scale mail        |    32 |    90 |   248 |       ||   370
       Crystal plate arm |       |       |    97 |   906 ||  1003
Dodge: Dodged            |    21 |    41 |   164 |   117 ||   343
       Deflected         |       |       |     3 |     5 ||     8
Block: Kite shield       |    33 |   102 |   368 |   491 ||   994

Table legend:
 A = Non-vault XP
 B = Vault XP
 C = Vault XP percentage of total XP
 D = Non-vault monster count
 E = Vault monster count
 F = Vault count percentage of total count
                 A         B        C        D         E       F
            +---------+---------+-------+---------+---------+-------
      Total |   17096 |    5214 |  23.4 |     232 |      33 |  12.5
            +---------+---------+-------+---------+---------+-------
        D:1 |      27 |       0 |   0.0 |      15 |       0 |   0.0
        D:2 |      23 |       0 |   0.0 |       7 |       0 |   0.0
        D:3 |     195 |      63 |  24.4 |      18 |       8 |  30.8
        D:4 |     572 |     318 |  35.7 |      31 |       3 |   8.8
        D:5 |     254 |     232 |  47.7 |      14 |       2 |  12.5
        D:6 |     550 |     117 |  17.5 |      24 |       5 |  17.2
        D:7 |    1134 |       0 |   0.0 |      24 |       0 |   0.0
        D:8 |     723 |     963 |  57.1 |       9 |       8 |  47.1
        D:9 |    1235 |      95 |   7.1 |      23 |       1 |   4.2
       D:10 |    1458 |       0 |   0.0 |      16 |       0 |   0.0
       D:11 |    2541 |    2269 |  47.2 |      15 |       5 |  25.0
       D:12 |    7828 |    1157 |  12.9 |      30 |       1 |   3.2
       D:13 |     556 |       0 |   0.0 |       6 |       0 |   0.0
            +---------+---------+-------+---------+---------+-------
